 Dungeon Crawl Stone Soup version 0.27-a0-380-g150de4c (webtiles) character file.

Game seed: 12868776508873044100

410 MrTaco21 the Cudgeller (level 6, 0/37 HPs)
             Began as a Gargoyle Fighter on Feb 17, 2021.
             Slain by an orc wizard
             ... wielding a +0 dagger
              (2 damage)
             ... on level 4 of the Dungeon.
             The game lasted 00:05:39 (3353 turns).

MrTaco21 the Cudgeller (Gargoyle Fighter)           Turns: 3353, Time: 00:05:39

Health: 0/37       AC: 12    Str: 22    XL:     6   Next: 89%
Magic:  15/15      EV:  5    Int:  8    God:
Gold:   283        SH: 14    Dex:  9    Spells: 5/5 levels left

rFire    . . .     SeeInvis .   a - +0 flail
rCold    . . .     Faith    .   x - +0 tower shield
rNeg     + . .     Spirit   .   b - +0 scale mail
rPois    ∞         Reflect  .   (no helmet)
rElec    +         Harm     .   t - +0 cloak
rCorr    .         Rampage  .   (no gloves)
Will     .....                  (no boots)
Stlth    ..........             (no amulet)
HPRegen  0.12/turn              u - ring of magical power
MPRegen  0.14/turn              (no ring)

@: no status effects
A: negative energy resistance 1, electricity resistance, unbreathing,
petrification resistance, miasma immunity, AC +4
a: no special abilities


You were on level 4 of the Dungeon.
You visited 1 branch of the dungeon, and saw 4 of its levels.

You collected 283 gold pieces.

Inventory:

Hand Weapons
 a - a +0 flail (weapon)
Missiles
 g - 15 poisoned darts (quivered)
Armour
 b - a +0 scale mail (worn)
 t - a +0 cloak (worn)
   (You found it on level 2 of the Dungeon)
 x - a +0 tower shield (worn)
   (You found it on level 3 of the Dungeon)
Jewellery
 u - a ring of magical power (left hand)
   (You found it on level 2 of the Dungeon)
 w - an amulet of the acrobat {unknown}
   (You found it on level 4 of the Dungeon)
Scrolls
 c - 2 scrolls of immolation {unknown}
 f - 5 scrolls of teleportation {@r4}
 h - a scroll of identify {@r1}
 k - 2 scrolls of fear {unknown}
 l - a scroll of blinking {unknown}
 q - a scroll of random uselessness {unknown}
 r - 2 scrolls of magic mapping
Potions
 d - a potion of might
 e - a potion of attraction {unknown}
 i - a potion of mutation {unknown}
 j - 2 potions of berserk rage
 m - a potion of haste {unknown}
 n - a potion of flight {unknown}
 o - a potion of resistance {unknown}
 p - a potion of magic {unknown}
 s - a potion of curing {unknown}
 v - 2 potions of brilliance


   Skills:
 - Level 3.2 Fighting
 + Level 7.1 Maces & Flails
 - Level 3.2 Armour
 - Level 3.2 Shields


You had 5 spell levels left.
You didn't know any spells.
Your spell library was empty.

Dungeon Overview and Level Annotations

Branches:
Dungeon (4/15)
 Temple: D:4-7

Altars:
Gozag
Kikubaaqudgha
Sif Muna


Innate Abilities, Weirdness & Mutations

You are resistant to torment.
Your stone body is resilient. (AC +4)
You are immune to poison.
You resist negative energy. (rN+)
You are resistant to electric shocks. (rElec)
You can survive without breathing.
You are immune to petrification.
You are immune to miasma.


Message History

Something hits you but does no damage. Something hits you but does no damage.
You closely miss something. You block something's attack.
Something hits you but does no damage. You block the orc's attack.
Something hits you but does no damage.
You hear some strange, mumbled words.
Something tries to affect you, but you resist.
You miss something. Something hits you but does no damage.
You block the orc's attack. Something hits you but does no damage.
Something hits you but does no damage. Something hits you but does no damage.
You block the orc's attack. Something hits you but does no damage.
You closely miss something. Something hits you but does no damage.
Something hits you but does no damage. Something hits you but does no damage.
You block the orc's attack. Something hits you.
* * * LOW HITPOINT WARNING * * *
You miss something. Something hits you but does no damage.
Something hits you but does no damage. You block the orc's attack.
Something hits you but does no damage. You block something's attack.
Something hits you.
* * * LOW HITPOINT WARNING * * *
Your shield and scale mail prevent you from hitting something.
Something hits you but does no damage. You block the orc's attack.
Something completely misses you. Something hits you but does no damage.
You hear some strange, mumbled words.
A puff of flame appears from out of thin air!
The puff of flame hits you!
* * * LOW HITPOINT WARNING * * *
You block the orc's attack.
You miss something. Something hits you but does no damage.
Something hits you but does no damage. Something hits you but does no damage.
You block the orc's attack.
You hear some strange, mumbled words.
A puff of flame appears from out of thin air!
The puff of flame hits you but does no damage.
Something hits you.
You die...

####.........8.8
#...............
#####..............8
###.....###.#.........
##.......#
###.........
#....###.## ......)...
..##.......#
..........
......o{#....#
..#......
.....w{@###..#
.##...... ......{##
..# ....#... .......
..# #.####.. ..##..#
.# ## #.. . #.. #. ...
#.. ... .>. ... ...
... ...


You could see a worm and an orc.

Vanquished Creatures
  Sigmund (D:2)
  An ogre (D:4)
  A hound skeleton (D:4)
  A worker ant zombie (D:4)
  7 adders
  4 worms
  2 dart slugs
  2 leopard geckos
  3 orcs
  3 ball pythons
  6 giant cockroaches
  6 goblins
  8 hobgoblins
  3 jackals (D:1)
  2 quokkas
  7 bats
  3 frilled lizards
  3 kobolds
  15 rats
78 creatures vanquished.

Notes
Turn   | Place    | Note
-------+----------+-------------------------------------------
     0 | D:1      | MrTaco21 the Gargoyle Fighter began the quest for the Orb.
     0 | D:1      | Reached XP level 1. HP: 14/14 MP: 1/1
   145 | D:1      | Reached XP level 2. HP: 16/19 MP: 2/2
   424 | D:1      | Reached skill level 3 in Maces & Flails
   553 | D:1      | Reached XP level 3. HP: 23/23 MP: 3/3
  1083 | D:2      | Reached skill level 4 in Maces & Flails
  1198 | D:2      | Found an opulent altar of Gozag.
  1212 | D:2      | Noticed Sigmund
  1251 | D:1      | HP: 1/23 [adder (2)]
  1254 | D:1      | Reached XP level 4. HP: 1/28 MP: 4/4
  1561 | D:2      | Killed Sigmund
  1562 | D:2      | Reached skill level 5 in Maces & Flails
  1562 | D:2      | Reached XP level 5. HP: 28/32 MP: 5/5
  1838 | D:2      | Reached skill level 6 in Maces & Flails
  1838 | D:2      | Found a shimmering blue altar of Sif Muna.
  2204 | D:3      | Found an ancient bone altar of Kikubaaqudgha.
  2213 | D:3      | Reached XP level 6. HP: 32/37 MP: 6/6
  2942 | D:4      | Reached skill level 7 in Maces & Flails
  3353 | D:4      | Slain by an orc wizard

Illustrated notes

Levels and vault maps discovered:
D:1:      matt_arrival_debris, layout_loops_ring, minmay_rat_gold_closets
D:2:      layout_loops_ring, overflow_temple_1_default, grunt_gozag_breadcrumbs,
          uniq_sigmund
D:3:      layout_rooms, kiku_gazebo_pond_becter, minmay_strange_pillars,
          minmay_diced_spiral
D:4:      layout_cave_pools, nicolae_overflow_hidden_temple,
          gup_sewer_entry_bubbles, serial_column_ruins, column_ruins_hut,
          column_ruins_hut, column_ruins_columns_corner,
          column_ruins_corridor_corner, column_ruins_open_tiny,
          column_ruins_columns_straight, column_ruins_grid_3

Skill      XL: |  1  2  3  4  5  6 |
---------------+-------------------+-----
Maces & Flails | 3 4 5 6 7 |  7.1
Fighting       | |  3.2
Armour         | |  3.2
Shields        | |  3.2

Action                   |  1- 3 |  4- 6 || total
-------------------------+-------+-------++-------
Melee: Flail             |   150 |   184 ||   334
Throw: Dart              |     3 |     2 ||     5
  Use: Scroll            |       |     4 ||     4
Armor: Scale mail        |    92 |   147 ||   239
Dodge: Dodged            |    57 |    63 ||   120
Block: Kite shield       |    73 |    50 ||   123
       Tower shield      |       |    90 ||    90

Table legend: (Time is in decaauts)
 A = Elapsed time spent in this place.
 B = Non-inter-level travel time spent in this place.
 C = Inter-level travel time spent in this place.
 D = Time resting spent in this place.
 E = Time spent auto-exploring this place.
 F = Levels seen in this place.
 G = Mean time per level.
                   A        B        C        D        E       F      G
               +--------+--------+--------+--------+--------+-----+--------+
         Total |   3502 |   3458 |     44 |    615 |   2039 |   4 |  875.5 |
       Dungeon |   3502 |   3458 |     44 |    615 |   2039 |   4 |  875.5 |
               +--------+--------+--------+--------+--------+-----+--------+

Top non-repeatable levels by time:
     D:1: 1316 daAuts
     D:2: 938 daAuts
     D:3: 694 daAuts
     D:4: 552 daAuts
